 Dungeon Crawl Stone Soup version 0.30-a0-618-gd6c86c23d0 (webtiles) character file.

Game seed: 6982593884228950412

141412 sokol815 the Transmogrifier (level 17, -1/123 HPs)
             Began as an Octopode Gladiator on Jan 8, 2023.
             Was an Initiate of Gozag.
             Slain by the 27-headed Lernaean hydra (5 damage)
             ... on level 4 of the Swamp on Jan 10, 2023.
             The game lasted 02:11:08 (31420 turns).

sokol815 the Transmogrifier (Octopode Gladiator)   Turns: 31420, Time: 02:11:09

Health: -1/123     AC: 31    Str: 23    XL:     17   Next: 33%
Magic:  3/40       EV: 15    Int: 31    God:    Gozag
Gold:   2538       SH: 10    Dex:  5    Spells: 12/36 levels left

rFire   + . .      SeeInvis +    a - +9 short sword of Fedhas's Delight {heavy, Str+2}
rCold   + + .      Faith    .    m - +0 kite shield "Lokhu" {rElec rPois Dex-5}
rNeg    + + +      Spirit   .    k - +2 hat
rPois   ∞          Reflect  .    x - amulet of regeneration
rElec   +          Harm     .    f - ring of willpower
rCorr   +          Rampage  .    Z - ring of Plog {rPois Will- Str+6 Int+6 Stlth+}
Will    +++..                    W - ring of willpower
Stlth   ++++++++                 C - ring of Kiqe Koch {rN++ rCorr Int+6 Dex-4}
HPRegen 1.20/turn                O - +5 ring of evasion
MPRegen 0.27/turn                Q - +4 ring of slaying
                                 V - ring "Isef" {rC+++ rN+ MP+9 Dex-2 SInv}
                                 v - ring of Amorality {Fire Will+ Int+2 Dex+3 Stlth+}

@: about to teleport, statue-form, gold aura, very slow
A: slow and powerful, torment resistance 1, boosted hp, almost no armour,
amphibious, 8 rings, camouflage 1, (gelatinous body 1), nimble swimmer 1,
tentacles
a: End Transformation, Renounce Religion, Potion Petition, Call Merchant, Bribe
Branch


You were on level 4 of the Swamp.
You worshipped Gozag.
Gozag was most pleased with you.
You were a living statue of rough stone.
You visited 4 branches of the dungeon, and saw 26 of its levels.
You also visited: Ice Cave.

You collected 10553 gold pieces.
You spent 5057 gold pieces at shops.
You paid 2958 gold pieces to Gozag.

Inventory:

Hand Weapons
 a - the +9 short sword of Fedhas's Delight (weapon) {heavy, Str+2}
   (You found it on level 3 of the Dungeon)

   Str:       It affects your strength (+2).
 b - a +3 quick blade of holy wrath
   (You acquired it on level 5 of the Lair of Beasts)
 p - a +2 scimitar of flaming
   (You took it off an efreet on level 13 of the Dungeon)
Missiles
 e - 6 silver javelins
Armour
 k - a +2 hat (worn)
 m - the +0 kite shield "Lokhu" (worn) {rElec rPois Dex-5}
   (You found it on level 2 of the Dungeon)

   Dex:       It affects your dexterity (-5).
   rElec:     It insulates you from electricity.
   rPois:     It protects you from poison.
Magical Staves
 u - a staff of earth
   (You found it on level 4 of the Lair of Beasts)
Jewellery
 f - a ring of willpower (left tentacle)
   (You found it on level 13 of the Dungeon)
 g - the ring "Teavum" {rPois rC+ rN+}
   (You found it on level 14 of the Dungeon)

   [ring of positive energy]

   rC:        It protects you from cold.
   rPois:     It protects you from poison.
   rN:        It protects you from negative energy.
 r - a +4 ring of protection
   (You found it on level 3 of the Dungeon)
 t - a +5 ring of evasion
   (You found it on level 12 of the Dungeon)
 v - the ring of Amorality (on tentacle) {Fire Will+ Int+2 Dex+3 Stlth+}
   (You bought it in a shop on level 9 of the Dungeon)

   [ring of fire]

   It enhances your fire magic.
   Int:       It affects your intelligence (+2).
   Dex:       It affects your dexterity (+3).
   rF:        It protects you from fire.
   rC:        It makes you vulnerable to cold.
   Will:      It increases your willpower.
   Stlth:     It makes you more stealthy.
 w - the ring "Ysmek" {Fly rF++ Will- Str+4}
   (You found it on level 11 of the Dungeon)

   [ring of flight]

   Str:       It affects your strength (+4).
   rF:        It greatly protects you from fire.
   Fly:       It grants you flight.
   Will:      It decreases your willpower.
 x - an amulet of regeneration (around mantle)
   (You found it on level 5 of the Dungeon)
 z - the ring "Kikug" {rPois Dex+6}
   (You found it on level 13 of the Dungeon)

   [ring of dexterity]

   Dex:       It affects your dexterity (+6).
   rPois:     It protects you from poison.
 A - a +4 ring of protection
   (You found it on level 1 of the Dungeon)
 C - the ring of Kiqe Koch (on tentacle) {rN++ rCorr Int+6 Dex-4}
   (You bought it in a shop on level 9 of the Dungeon)

   [ring of resist corrosion]

   Int:       It affects your intelligence (+6).
   Dex:       It affects your dexterity (-4).
   rN:        It greatly protects you from negative energy.
   rCorr:     It protects you from acid and corrosion.
 O - a +5 ring of evasion (on tentacle)
   (You found it on level 5 of the Dungeon)
 Q - a +4 ring of slaying (on tentacle)
   (You bought it in a shop on level 8 of the Dungeon)
 V - the ring "Isef" (on tentacle) {rC+++ rN+ MP+9 Dex-2 SInv}
   (You bought it in a shop on level 9 of the Dungeon)

   [ring of see invisible]

   Dex:       It affects your dexterity (-2).
   rC:        It renders you almost immune to cold.
   rN:        It protects you from negative energy.
   MP:        It affects your magic capacity (+9).
   SInv:      It lets you see invisible.
 W - a ring of willpower (on tentacle)
   (You found it on level 2 of the Dungeon)
 Z - the ring of Plog (right tentacle) {rPois Will- Str+6 Int+6 Stlth+}
   (You bought it in a shop on level 9 of the Dungeon)

   [ring of intelligence]

   Str:       It affects your strength (+6).
   Int:       It affects your intelligence (+6).
   rPois:     It protects you from poison.
   Will:      It decreases your willpower.
   Stlth:     It makes you more stealthy.
Wands
 d - a wand of digging (8)
   (You took it off Maurice on level 8 of the Dungeon)
 i - a wand of iceblast (11)
   (You found it in an ice cave)
 j - a wand of polymorph (8)
   (You took it off Ijyb on level 4 of the Dungeon)
 n - a wand of light (4)
   (You found it on level 13 of the Dungeon)
 q - a wand of flame (10)
   (You found it on level 7 of the Dungeon)
 y - a wand of mindburst (13)
   (You found it on level 3 of the Dungeon)
Scrolls
 h - 4 scrolls of identify {@r1}
 D - 2 scrolls of blinking {!r}
 E - 3 scrolls of fear
 F - 3 scrolls of poison {!r}
 K - a scroll of immolation {!r}
 S - a scroll of summoning
 T - a scroll of brand weapon
 X - 2 scrolls of magic mapping {@r4!r}
 Y - 7 scrolls of teleportation {@r3}
Potions
 c - 5 potions of might
 o - 2 potions of cancellation
 B - 4 potions of brilliance
 G - a potion of ambrosia {!q}
 H - 2 potions of haste
 I - a potion of invisibility
 J - 11 potions of curing {@q1}
 L - 4 potions of flight
 N - a potion of heal wounds {@q2}
 P - 3 potions of lignification {!q}
 R - 3 potions of resistance
 U - 2 potions of mutation {!q}
Miscellaneous
 l - a condenser vane
   (You found it on level 10 of the Dungeon)
 s - a tin of tremorstones (2/2)
   (You found it on level 5 of the Lair of Beasts)


   Skills:
 - Level 2.0 Fighting
 - Level 10.0 Short Blades
 - Level 5.3 Polearms
 - Level 2.0 Throwing
 - Level 3.0 Dodging
 - Level 10.0 Stealth
 - Level 12.0 Shields
 - Level 10.0 Spellcasting
 - Level 10.0 Conjurations
 + Level 13.6 Transmutations
 - Level 6.0 Air Magic
 + Level 13.5 Earth Magic
 - Level 10.0 Poison Magic


You had 12 spell levels left.
You knew the following spells:

 Your Spells              Type           Power      Damage    Failure   Level
a - Iron Shot             Conj/Erth      36%        9d7       9%          6
b - Statue Form           Tmut/Erth      52%        N/A       3%          6
c - Lehudib's Crystal Sp  Conj/Erth      36%        10d9      98%         8
g - Apportation           Tloc           30%        N/A       7%          1
x - Mephitic Cloud        Conj/Pois/Air  62%        N/A       1%          3

Your spell library contained the following spells:

 Spells                   Type           Power      Damage    Failure   Level
 Cigotuvi's Dreadful Rot  Necr/Pois/Air  96%        N/A       1%          2
 Momentum Strike          Conj/Tloc      92%        3d10      1%          2
 Poisonous Vapours        Pois/Air       100%       N/A       1%          2
 Searing Ray              Conj           100%       2d8       1%          2
 Ignite Poison            Fire/Tmut/Pois 77%        N/A       1%          3
 Spider Form              Tmut/Pois      73%        N/A       1%          3
 Petrify                  Tmut/Erth      79%        N/A       1%          4
 Alistair's Intoxication  Tmut/Pois      48%        N/A       1%          5
 Blade Hands              Tmut           39%        N/A       1%          5
 Hailstorm                Conj/Ice       46%        3d11      2%          3
 Iskenderun's Battlesphe  Conj           67%        2d12      3%          5
 Vhi's Electric Charge    Tloc/Air       68%        N/A       6%          3
 Freeze                   Ice            60%        1d7       7%          1
 Necrotise                Necr           60%        1d7       7%          1
 Summon Small Mammal      Summ           60%        N/A       7%          1
 Arcjolt                  Conj/Air       30%        1d40      7%          5
 Kindle Blastsparks       Fire/Tloc/Air  82%        2d16      9%          3
 Flame Wave               Conj/Fire      63%        2d15      9%          4
 Sticky Flame             Conj/Fire      63%        2d8       9%          4
 Eringya's Noxious Bog    Tmut/Pois      36%        N/A       9%          6
 Blink                    Tloc           30%        N/A       10%         2
 Ensorcelled Hibernation  Hex/Ice        30%        N/A       10%         2
 Scorch                   Fire           46%        2d7       10%         2
 Borgnjor's Vile Clutch   Necr/Erth      27%        N/A       12%         5
 Frozen Ramparts          Ice            30%        1d5       21%         3
 Inner Flame              Hex/Fire       23%        N/A       21%         3
 Lesser Beckoning         Tloc           30%        N/A       21%         3
 Freezing Cloud           Conj/Ice/Air   24%        6-21      21%         5
 Anguish                  Hex/Necr       7%         N/A       54%         4
 Dispel Undead            Necr           15%        3d10      54%         4
 Starburst                Conj/Fire      31%        6d10      78%         6
 Metabolic Englaciation   Hex/Ice        7%         N/A       88%         5
 Death Channel            Necr           7%         N/A       100%        6
 Summon Cactus Giant      Summ           7%         N/A       100%        6
 Spellforged Servitor     Conj/Summ      23%        N/A       100%        7
 Maxwell's Capacitive Co  Air            25%        ∞         100%        8
 Animate Armour           Summ/Erth      Unusable   N/A       N/A         4
 Animate Dead             Necr           Unusable   N/A       N/A         4

Dungeon Overview and Level Annotations

Branches:
Dungeon (15/15) Zot: 25453  Temple (0/1) D:4            Lair (5/5) D:9 Zot: 21692
  Swamp (4/4) Lair:3 Zot: 19223  Spider (0/4) Lair:2        Slime (0/5) Lair:5
    Orc (2/2) D:11 Zot: 9457     Elf (0/3) Orc:2        Vaults (0/5) D:13
 Depths (0/4) D:15          IceCv (visited)

Altars:
Fedhas
Gozag
Hepliaklqana
Kikubaaqudgha
Makhleb
Nemelex Xobeh
Ru
Uskayaw
Wu Jian

Shops:
D:7 [   D:8 **   D:9 :=   D:12 :   D:15 [   Orc:1 :   Orc:2 ([*=:

Annotations:
Swamp:2 exclusion: hydra, Donald
Swamp:4 Lernaean hydra


Innate Abilities, Weirdness & Mutations

You are a living statue of rough stone.
Your actions are slow, but your melee attacks are powerful.
You are resistant to unholy torment.
Your maximum health is greatly increased.
You are immune to poison.
You cannot wear most types of armour.
You are amphibious.
You can wear up to eight rings at the same time.
Your skin changes colour to match your surroundings (Stealth+).
((Your rubbery body absorbs attacks. (AC +1, EV +1)))
You are camouflaged when in or above water. (Stealth+)
You have tentacles for arms and can constrict up to eight enemies at once.


Message History

The eight-headed hydra bites you but does no damage. x2
The swamp drake breathes poison at you.
The noxious blast engulfs the eight-headed hydra but does no damage.
The eight-headed hydra is poisoned.
You take 3 damage, and have 57/123 hp.
You now have 25/40 mp.
Aim: an eight-headed hydra (noxious fumes, poisoned, 91% to hit)
The iron shot hits the eight-headed hydra!!
You block the eight-headed hydra's attack.
The eight-headed hydra bites you.
The eight-headed hydra completely misses you.
The eight-headed hydra bites you!
The eight-headed hydra bites you but does no damage.
The eight-headed hydra closely misses you.
The eight-headed hydra barely misses you.
The eight-headed hydra bites you but does no damage.
You block the swamp dragon's attack.
The swamp dragon claws you but does no damage.
The swamp dragon barely misses you.
The eight-headed hydra bites you but does no damage.
The eight-headed hydra closely misses you.
The eight-headed hydra bites you but does no damage.
The eight-headed hydra closely misses you.
The eight-headed hydra barely misses you.
The eight-headed hydra bites you but does no damage. x2
The eight-headed hydra barely misses you.
The swamp dragon bites you but does no damage.
The swamp dragon closely misses you.
The swamp dragon tramples you but does no damage.
You take 9 damage, and have 48/123 hp.
You now have 19/40 mp.
Aim: an eight-headed hydra (moderately wounded, poisoned, 91% to hit)
The iron shot hits the eight-headed hydra!!
The eight-headed hydra barely misses you.
The eight-headed hydra bites you.
The eight-headed hydra completely misses you.
You block the eight-headed hydra's attack. x2
The eight-headed hydra bites you but does no damage.
The eight-headed hydra misses you.
The eight-headed hydra bites you but does no damage.
You block the swamp dragon's attack. x2; The swamp dragon barely misses you.
You now have 13/40 mp.
Aim: an eight-headed hydra (severely wounded, poisoned, 91% to hit)
The iron shot misses the eight-headed hydra.
The iron shot hits the swamp drake!!
You kill the swamp drake!
The eight-headed hydra bites you but does no damage. x2
You block the eight-headed hydra's attack.
The eight-headed hydra bites you!
You block the eight-headed hydra's attack.
The eight-headed hydra closely misses you.
You block the eight-headed hydra's attack.
The eight-headed hydra barely misses you.
The swamp dragon bites you. The swamp dragon barely misses you.
The swamp dragon tramples you but does no damage.
The eight-headed hydra misses you. The eight-headed hydra bites you!
* * * LOW HITPOINT WARNING * * *
You block the eight-headed hydra's attack.
The eight-headed hydra misses you.
The eight-headed hydra bites you but does no damage. x2
The eight-headed hydra misses you.
The eight-headed hydra bites you but does no damage.
The 27-headed Lernaean hydra comes into view.
The swamp dragon bites you.
* * * LOW HITPOINT WARNING * * *
The swamp dragon misses you.
The swamp dragon tramples you but does no damage.
You take 24 damage, and have 25/123 hp.
You now have 8/40 mp.
Aim: an eight-headed hydra (severely wounded, poisoned, 91% to hit)
The iron shot hits the eight-headed hydra!!!
You kill the eight-headed hydra!
The swamp dragon breathes poison at you.
The blast of poison misses you.
You hear a deafening roar!
You hear a roar! x2
You regained 2 hp, and now have 27/123 hp.
You now have 2/40 mp.
As you read the scroll of teleportation {@r3}, it crumbles to dust.
You feel strangely unstable.
The swamp dragon bites you but does no damage.
You block the swamp dragon's attack. x3
The swamp dragon claws you but does no damage.
The swamp dragon tramples you but does no damage.
You regained 2 hp, and now have 29/123 hp.
The swamp dragon breathes poison at you.
The blast of poison engulfs you but does no damage.
You resist.
You hear a deafening roar!
You regained 2 hp, and now have 31/123 hp.
You enter the deep water.
You sink to the bottom.
Moving in this stuff is going to be slow.
The 27-headed Lernaean hydra bites you!
* * * LOW HITPOINT WARNING * * *
The 27-headed Lernaean hydra bites you!
* * * LOW HITPOINT WARNING * * *
The 27-headed Lernaean hydra bites you but does no damage.
You block the 27-headed Lernaean hydra's attack.
The 27-headed Lernaean hydra bites you!
* * * LOW HITPOINT WARNING * * *
The 27-headed Lernaean hydra bites you but does no damage.
The 27-headed Lernaean hydra bites you.
You die...
Your body crumbles into a pile of gold.

. .#.~.≈≈## ♣≈≈.~.#~♣.♣♣ .≈#
#~.#≈#~≈# ♣≈#...~...~♣
.≈.##~.~≈.≈≈ #♣♣♣♣.§....~.♣
≈~#≈.≈.≈#≈# #≈.♣♣♣~..♣♣.♣♣
~~~~≈≈.≈~≈# ##≈.♣♣♣~...~.♣
#~#≈#~.~#≈#######.♣♣♣.....♣♣
~.≈~~~~~°#○○○##○..≈≈.~...~~♣
...~..$°$°.D○☼○..~....♣.~.♣♣
≈≈≈.##≈.~#D8##○~......~~~§♣
#≈≈ #≈≈~~○°#####~≈≈~.....♣♣
## ###≈○#####≈.♣♣≈.~...~.♣♣
#### ♣≈.♣♣♣≈♣.....~.~~
♣♣♣♣♣♣♣♣♣≈.....~~.~~ ♣♣~♣
♣♣♣~~♣.#~~...~~
♣♣~.♣♣♣♣≈~~~......~♣..
♣♣♣~~~~~♣♣~~~#[...~.♣~.~
♣.♣~~~~~§~§~~.....~~.~~.


You could see the 27-headed Lernaean hydra and a swamp dragon (catching breath).

Vanquished Creatures
  A thorn hunter (Swamp:4)
  Kirke (Swamp:3)
  A frost giant (D:15)
  Louise (D:14)
  Aizul (Swamp:3)
  An orc warlord (Orc:2)
  3 eleionomae
  A bunyip (Swamp:1)
  Snorg (Orc:2)
  A fire dragon (Lair:5)
  Josephine (Orc:2)
  Harold (D:10)
  16 hydras
  8 vault guards (D:13)
  An ogre mage (D:15)
  A death knight (D:13)
  A catoblepas (Lair:2)
  4 boulder beetles
  2 centaur warriors
  16 alligators
  2 ironbound frosthearts (IceCv)
  5 two-headed ogres
  3 tengu warriors
  14 death yaks
  5 orc high priests (Orc:2)
  Urug (D:13)
  A fire crab (Lair:5)
  4 skeletal warriors
  A pharaoh ant (Lair:2)
  5 goliath frogs
  A sixfirhy (D:10)
  3 swamp dragons
  A death drake (Swamp:3)
  6 spriggan druids
  Pikel (D:7)
  The ghost of spardeous the Spry, a novice FeEE of Gozag (Lair:2)
  4 ugly things
  3 cyclopes
  2 deep elf pyromancers
  4 orc knights
  6 elephants
  2 will-o-the-wisps
  5 orc sorcerers
  A manticore (D:15)
  Maurice (D:8)
  An ice statue (IceCv)
  4 black mambas
  3 molten gargoyles
  20 cane toads
  Maggie (D:9)
  4 gargoyles
  14 komodo dragons
  An efreet (D:13)
  6 rime drakes
  A tengu conjurer (D:14)
  2 freezing wraiths (D:14)
  6 trolls
  A bloated husk (Swamp:3)
  A wind drake (shapeshifter) (D:13)
  13 polar bears
  2 tarantellas (Lair:2)
  6 hornets
  11 tyrant leeches
  18 blink frogs
  10 spriggans
  6 wraiths
  55 yaks
  2 water elementals (D:13)
  3 shadows
  2 vampires (D:11)
  7 wyverns
  2 hogs
  10 basilisks
  A redback (Lair:2)
  10 vampire mosquitoes
  2 steam dragons
  Menkaure (D:7)
  2 death yak simulacra (D:13)
  14 swamp worms
  2 wargs
  4 acid dragons
  3 hell hounds
  Duvessa (D:7)
  10 water moccasins
  An ice beast (D:8)
  3 black bears
  10 swamp drakes
  37 orc warriors
  7 ogres
  8 centaurs
  32 wolves
  A phantom (D:5)
  5 kobold brigands
  11 bullfrogs
  2 necrophages (D:7)
  7 scorpions
  A two-headed ogre simulacrum (D:13)
  Dowan (D:7)
  6 wights
  12 killer bees
  5 howler monkeys
  A vampire bat (Orc:2)
  8 electric eels
  5 lava snakes (Lair:5)
  9 crimson imps (D:8)
  Crazy Yiuf (D:7)
  20 orc priests
  3 hounds
  3 jellies
  7 iguanas
  28 orc wizards
  Ijyb (D:4)
  2 spriggan simulacra (D:13)
  A troll simulacrum (D:13)
  4 gnolls (D:8)
  5 adders
  2 naga simulacra (D:13)
  A shadow imp (D:3)
  2 white imps
  A worm (D:3)
  3 dart slugs
  76 orcs
  12 ball pythons
  9 bats
  10 endoplasms
  2 giant cockroaches
  2 goblins (D:1)
  10 hobgoblins
  4 jackals (D:1)
  3 quokkas (D:1)
  5 frilled lizards
  25 kobolds
  9 rats
  A spectral kobold (D:7)
  A butterfly (Lair:2)
832 creatures vanquished.

Vanquished Creatures (others)
  A bloated husk (Swamp:2)
  A swamp worm (Swamp:2)
  A swamp drake (Swamp:4)
  An orc (D:7)
  A foxfire (Swamp:3)
  30 fungi
  63 plants
  4 toadstools (D:12)
102 creatures vanquished.

Grand Total: 934 creatures vanquished

Notes
Turn   | Place    | Note
-------+----------+-------------------------------------------
     0 | D:1      | sokol815 the Octopode Gladiator began the quest for the
                  | Orb.
     0 | D:1      | Reached XP level 1. HP: 14/14 MP: 1/1
   105 | D:1      | Reached XP level 2. HP: 15/19 MP: 2/2
   482 | D:1      | Reached skill level 4 in Polearms
   541 | D:1      | Reached XP level 3. HP: 23/24 MP: 3/3
   784 | D:1      | Found a faded altar of an unknown god.
  1060 | D:2      | Found an opulent altar of Gozag.
  1066 | D:2      | Became a worshipper of Gozag Ym Sagoz the Greedy
  1130 | D:2      | Identified the +0 kite shield "Lokhu" {rElec rPois Dex-5}
  1374 | D:3      | Reached XP level 4. HP: 29/29 MP: 4/4
  1542 | D:3      | Reached skill level 5 in Polearms
  1662 | D:3      | Found a sparkling altar of Nemelex Xobeh.
  1791 | D:3      | Identified the +9 short sword of Fedhas's Delight {heavy,
                  | Str+2}
  2263 | D:4      | Identified the +1 robe of Odyst {Dex+5}
  2271 | D:4      | Noticed Ijyb
  2454 | D:4      | Reached skill level 1 in Short Blades
  2454 | D:4      | Reached XP level 5. HP: 34/34 MP: 5/5
  2477 | D:4      | Reached skill level 2 in Short Blades
  2549 | D:4      | Reached skill level 3 in Short Blades
  2549 | D:4      | Reached XP level 6. HP: 39/39 MP: 6/6
  2651 | D:4      | Found a staircase to the Ecumenical Temple.
  2657 | D:4      | Reached skill level 4 in Short Blades
  2803 | D:5      | Entered Level 5 of the Dungeon
  2812 | D:5      | Noticed a yak
  2812 | D:5      | Noticed a yak
  2812 | D:5      | Noticed a yak
  2812 | D:5      | Noticed a yak
  2853 | D:5      | Reached skill level 5 in Short Blades
  2876 | D:6      | Reached XP level 7. HP: 45/45 MP: 7/7
  2997 | D:6      | Reached skill level 6 in Short Blades
  3156 | D:6      | Reached skill level 7 in Short Blades
  3424 | D:6      | Found a blossoming altar of Fedhas.
  3431 | D:6      | HP: 9/45 [ogre/+0 giant spiked club (33)]
  3437 | D:6      | Reached XP level 8. HP: 12/50 MP: 8/8
  4002 | D:5      | Reached skill level 8 in Short Blades
  4122 | D:5      | Reached skill level 1 in Stealth
  4137 | D:5      | Reached skill level 2 in Stealth
  4233 | D:5      | Reached skill level 3 in Stealth
  4237 | D:5      | Reached skill level 9 in Short Blades
  4474 | D:7      | Noticed Pikel
  4480 | D:7      | Killed Pikel
  4481 | D:7      | Reached skill level 6 in Stealth
  4481 | D:7      | Reached XP level 9. HP: 48/54 MP: 9/9
  4528 | D:7      | Reached skill level 10 in Short Blades
  4528 | D:7      | Reached skill level 7 in Stealth
  4729 | D:7      | Reached skill level 8 in Stealth
  4735 | D:7      | Learned a level 3 spell: Mephitic Cloud
  4736 | D:7      | Found a sacrificial altar of Ru.
  4854 | D:7      | Reached skill level 1 in Poison Magic
  4887 | D:7      | Noticed Dowan
  4890 | D:7      | Noticed Duvessa
  4891 | D:7      | Killed Dowan
  4896 | D:7      | Killed Duvessa
  4897 | D:7      | Reached skill level 1 in Conjurations
  4897 | D:7      | Reached skill level 1 in Air Magic
  4954 | D:7      | Found a hazy altar of Hepliaklqana.
  4977 | D:7      | Noticed Menkaure
  4984 | D:7      | Killed Menkaure
  4985 | D:7      | Reached skill level 1 in Spellcasting
  5026 | D:7      | Reached skill level 2 in Poison Magic
  5138 | D:7      | Reached skill level 9 in Stealth
  5190 | D:7      | Found an ancient bone altar of Kikubaaqudgha.
  5223 | D:7      | Found Olamumeb's Antique Armour Shop.
  5394 | D:7      | Reached skill level 2 in Conjurations
  5396 | D:7      | Reached skill level 2 in Air Magic
  5396 | D:7      | Reached XP level 10. HP: 27/60 MP: 12/12
  5519 | D:7      | Found a runed translucent door.
  5520 | D:7      | Noticed Crazy Yiuf
  5594 | D:7      | Found an ornate altar of the Wu Jian Council.
  5648 | D:8      | Reached skill level 2 in Spellcasting
  5657 | D:8      | Reached skill level 3 in Poison Magic
  5666 | D:8      | Reached skill level 10 in Stealth
  5787 | D:8      | Found Okusm's Specific Store.
  5800 | D:8      | Found Boethruf's General Store.
  5849 | D:8      | Reached skill level 3 in Conjurations
  5891 | D:8      | Reached skill level 3 in Air Magic
  5897 | D:8      | Reached skill level 1 in Shields
  5951 | D:8      | Noticed Maurice
  5985 | D:8      | HP: 13/60 [asphyx]
  5990 | D:8      | Killed Maurice
  5991 | D:8      | Reached skill level 4 in Poison Magic
  6104 | D:8      | Reached skill level 2 in Shields
  6391 | D:9      | Noticed a two-headed ogre
  6396 | D:9      | Killed a two-headed ogre
  6397 | D:9      | Reached skill level 3 in Shields
  6397 | D:9      | Reached skill level 4 in Conjurations
  6455 | D:9      | Noticed Maggie
  6462 | D:9      | Killed Maggie
  6463 | D:9      | Reached skill level 4 in Air Magic
  6560 | D:9      | Reached skill level 4 in Shields
  6560 | D:9      | Reached skill level 5 in Poison Magic
  6574 | D:9      | Found a staircase to the Lair.
  7066 | D:10     | Entered Level 10 of the Dungeon
  7194 | D:10     | Reached XP level 11. HP: 64/64 MP: 15/15
  7255 | D:10     | Identified the +1 scale mail of the Boiling Point {Str+2
                  | Int+4}
  7282 | D:10     | Noticed Harold
  7300 | D:10     | Killed Harold
  7301 | D:10     | Reached skill level 3 in Spellcasting
  7301 | D:10     | Reached skill level 5 in Conjurations
  7301 | D:10     | Reached skill level 5 in Air Magic
  7490 | D:10     | Found a hide-covered altar of Uskayaw.
  7559 | D:10     | Reached skill level 6 in Poison Magic
  7569 | D:10     | HP: 14/64 [acid dragon/splash of acid (36)]
  8007 | D:10     | Found a runed translucent door.
  8008 | D:10     | Found a burning altar of Makhleb.
  8008 | D:10     | Noticed a sixfirhy
  8456 | Lair:1   | Entered Level 1 of the Lair of Beasts
  8459 | Lair:1   | Reached skill level 4 in Spellcasting
  8648 | Lair:1   | Identified a scroll of acquirement
  8648 | Lair:1   | Acquired 684 gold pieces
  8707 | D:9      | Bought a book of Power for 504 gold pieces
  8714 | D:9      | Learned a level 6 spell: Iron Shot
  8764 | Lair:1   | HP: 16/64 [poisoned by a cane toad]
  8769 | Lair:1   | HP: 16/64 [poisoned by a cane toad]
  8873 | Lair:1   | Reached skill level 1 in Earth Magic
  8883 | Lair:1   | HP: 14/64 [wyvern (12)]
  8906 | Lair:1   | Reached skill level 7 in Poison Magic
  8910 | Lair:1   | Reached skill level 2 in Earth Magic
  9135 | Lair:1   | Identified the +9 whip "Cookie Cutter" {venom, *Rage rPois
                  | Will+ Stlth+}
  9394 | Lair:2   | Noticed a catoblepas
  9396 | Lair:2   | Reached skill level 6 in Conjurations
  9400 | Lair:2   | Noticed spardeous's ghost (novice FeEE)
  9411 | Lair:2   | Reached skill level 6 in Air Magic
  9439 | Lair:2   | Found a transporter.
  9449 | Lair:2   | Found a hole to the Spider Nest.
  9449 | Lair:2   | Noticed a pharaoh ant
  9461 | Lair:2   | Noticed a seven-headed hydra
  9480 | Lair:2   | HP: 21/96 [seven-headed hydra (7)]
  9482 | Lair:2   | HP: 7/96 [seven-headed hydra (12)]
  9483 | Lair:2   | Killed a seven-headed hydra
  9484 | Lair:2   | Reached skill level 5 in Shields
  9484 | Lair:2   | Reached skill level 3 in Earth Magic
  9747 | D:8      | Bought a +4 ring of slaying for 780 gold pieces
  9883 | Lair:2   | Noticed a death yak
 10100 | D:11     | Noticed a cyclops
 10102 | D:11     | Killed a cyclops
 10103 | D:11     | Reached XP level 12. HP: 70/70 MP: 18/18
 10105 | D:11     | Reached skill level 4 in Earth Magic
 10113 | D:11     | Reached skill level 6 in Shields
 10269 | D:10     | Reached skill level 8 in Poison Magic
 10324 | D:11     | Reached skill level 5 in Earth Magic
 10328 | D:11     | HP: 17/70 [something (12)]
 10330 | D:11     | Noticed a boulder beetle
 10332 | D:11     | HP: 1/70 [something (19)]
 10337 | D:11     | HP: 11/70 [something (31)]
 10449 | D:11     | Killed a boulder beetle
 10585 | D:11     | Reached skill level 7 in Shields
 10645 | D:11     | Found a staircase to the Orcish Mines.
 10809 | D:11     | Reached skill level 7 in Conjurations
 10984 | D:11     | Identified the ring "Ysmek" {Fly rF++ Will- Str+4}
 11198 | Orc:1    | Entered Level 1 of the Orcish Mines
 11226 | Orc:1    | Reached skill level 6 in Earth Magic
 11301 | Orc:1    | Found Cebrof's Vocational Training.
 11535 | Lair:2   | Noticed a death yak
 11536 | Lair:2   | Noticed a death yak
 11562 | Lair:1   | Killed a death yak
 11598 | Lair:2   | Noticed a death yak
 11600 | Lair:2   | Noticed a death yak
 11739 | Lair:1   | Killed a death yak
 11904 | Lair:2   | Reached skill level 8 in Shields
 12003 | Lair:1   | Killed a death yak
 12004 | Lair:1   | Reached skill level 9 in Poison Magic
 12057 | Lair:1   | Killed a death yak
 12058 | Lair:1   | Reached skill level 7 in Earth Magic
 12117 | Lair:1   | HP: 12/70 [death yak (25)]
 12227 | Lair:1   | Killed a death yak
 12228 | Lair:1   | Reached XP level 13. HP: 64/74 MP: 19/19
 12335 | Lair:2   | Found a transporter.
 12451 | Lair:2   | HP: 7/74 [pharaoh ant (31)]
 13165 | Lair:3   | Reached skill level 9 in Shields
 13165 | Lair:3   | Reached skill level 8 in Conjurations
 13184 | Lair:3   | Reached skill level 8 in Earth Magic
 13430 | Lair:3   | Found a staircase to the Swamp.
 14312 | Lair:4   | Reached skill level 10 in Poison Magic
 14955 | Lair:4   | Reached skill level 9 in Earth Magic
 14961 | Lair:4   | Reached skill level 10 in Shields
 15979 | D:12     | Found Unioplof's Book Boutique.
 16025 | D:12     | Bought a book of Sloth for 576 gold pieces
 16032 | D:12     | Learned a level 6 spell: Statue Form
 16676 | Orc:2    | Entered Level 2 of the Orcish Mines
 16684 | Orc:2    | Noticed Josephine
 16737 | Orc:2    | Found a staircase to the Elven Halls.
 16816 | Orc:1    | Reached XP level 14. HP: 53/81 MP: 20/20
 17478 | Orc:2    | Reached skill level 9 in Conjurations
 17663 | Orc:2    | Reached skill level 10 in Earth Magic
 17721 | Orc:2    | Reached skill level 11 in Shields
 17744 | Orc:2    | Killed Josephine
 17938 | Orc:2    | Noticed an orc warlord
 17968 | Orc:2    | Killed an orc warlord
 18642 | Orc:2    | Found Meurhufo's General Store.
 18643 | Orc:2    | Found Kogalypra's Jewellery Shop.
 18645 | Orc:2    | Found Fough's Antique Armour Shop.
 18645 | Orc:2    | Found Iweo's Antique Weapon Boutique.
 18825 | Orc:2    | Found Dokhigra's Book Shoppe.
 18880 | Orc:2    | Noticed Snorg
 18892 | Orc:2    | Killed Snorg
 19178 | D:13     | Found a gate to the Vaults.
 19191 | D:13     | Reached skill level 11 in Earth Magic
 19212 | D:13     | HP: 19/81 [vault guard/+0 great sword (23)]
 19328 | D:13     | Found a frozen archway.
 19335 | D:13     | Reached skill level 12 in Shields
 19342 | D:13     | Noticed Urug
 19381 | D:13     | Killed Urug
 19441 | D:13     | Got the Disquisition on the Gift
 19476 | IceCv    | Entered an ice cave
 19501 | IceCv    | Reached skill level 10 in Conjurations
 19565 | IceCv    | Reached skill level 1 in Transmutations
 19635 | IceCv    | Reached skill level 2 in Transmutations
 19683 | IceCv    | Reached skill level 3 in Transmutations
 19851 | IceCv    | Reached skill level 4 in Transmutations
 19991 | IceCv    | Reached skill level 5 in Transmutations
 19993 | IceCv    | Reached XP level 15. HP: 85/85 MP: 21/21
 20102 | IceCv    | Reached skill level 6 in Transmutations
 20125 | IceCv    | Reached skill level 7 in Transmutations
 20690 | D:13     | Found an opulent altar of Gozag.
 20946 | D:13     | Reached skill level 8 in Transmutations
 20977 | D:13     | Identified the ring "Kikug" {rPois Dex+6}
 21514 | D:9      | Bought the ring "Isef" {rC+++ rN+ MP+9 Dex-2 SInv} for 834
                  | gold pieces
 21514 | D:9      | Bought the ring of Plog {rPois Will- Str+6 Int+6 Stlth+}
                  | for 642 gold pieces
 21514 | D:9      | Bought the ring of Kiqe Koch {rN++ rCorr Int+6 Dex-4} for
                  | 458 gold pieces
 21514 | D:9      | Bought the ring of Amorality {Fire Will+ Int+2 Dex+3
                  | Stlth+} for 559 gold pieces
 21796 | Lair:4   | Identified the +1 mace of Cocytus {heavy, rF+ rC- Will++
                  | rCorr}
 21943 | Lair:5   | Entered Level 5 of the Lair of Beasts
 22048 | Lair:4   | Reached skill level 9 in Transmutations
 22372 | Lair:4   | HP: 21/85 [molten gargoyle/bolt of magma (12)]
 22448 | Lair:5   | Acquired a +0 quick blade of holy wrath
 22640 | Lair:5   | Reached skill level 10 in Transmutations
 23010 | Lair:5   | Found a staircase to the Slime Pits.
 23126 | Lair:5   | HP: 21/85 [cane toad (10)]
 23127 | Lair:5   | HP: 3/85 [cane toad (19)]
 23131 | Lair:5   | Reached skill level 11 in Transmutations
 23589 | Lair:5   | Found a large runed translucent door.
 23590 | Lair:5   | Found a large runed translucent door.
 24472 | D:7      | Killed Crazy Yiuf
 24648 | D:4      | Killed Ijyb
 25150 | D:14     | Identified the ring "Teavum" {rPois rC+ rN+}
 25532 | D:14     | Noticed Louise
 25575 | D:14     | Killed Louise
 25576 | D:14     | Reached XP level 16. HP: 90/90 MP: 23/23
 25872 | D:15     | Entered Level 15 of the Dungeon
 26028 | D:14     | Upgraded the game from 0.30-a0-605-gb2882149bf to
                  | 0.30-a0-613-gdd512c7efb
 26095 | D:15     | Reached skill level 5 in Spellcasting
 26095 | D:15     | Reached skill level 12 in Transmutations
 26202 | D:15     | Reached skill level 12 in Earth Magic
 26298 | D:15     | Found Circhoid's Antique Armour Shop.
 26776 | D:15     | Reached skill level 6 in Spellcasting
 26783 | D:15     | Found a staircase to the Depths.
 27097 | Lair:2   | Killed spardeous's ghost
 27386 | Swamp:1  | Entered Level 1 of the Swamp
 27704 | Swamp:1  | Reached skill level 7 in Spellcasting
 27734 | Swamp:1  | HP: 27/117 [bunyip (25)]
 28670 | Swamp:2  | Reached skill level 8 in Spellcasting
 28772 | Swamp:2  | Noticed Donald
 29011 | Swamp:3  | Noticed Aizul
 29062 | Swamp:3  | Killed Aizul
 29138 | Swamp:3  | Reached skill level 13 in Transmutations
 29140 | Swamp:3  | HP: 24/117 [alligator (18)]
 29352 | Swamp:3  | Reached skill level 13 in Earth Magic
 29443 | Swamp:3  | Reached skill level 9 in Spellcasting
 29443 | Swamp:3  | Reached XP level 17. HP: 95/95 MP: 30/30
 30256 | D:12     | Bought Iskenderun's Atlas of Damage for 704 gold pieces
 30265 | D:12     | Learned a level 8 spell: Lehudib's Crystal Spear
 30510 | Swamp:4  | Entered Level 4 of the Swamp
 30575 | Swamp:4  | Upgraded the game from 0.30-a0-613-gdd512c7efb to
                  | 0.30-a0-618-gd6c86c23d0
 30752 | Swamp:4  | Noticed Kirke
 30779 | Swamp:3  | Killed Kirke
 31137 | Swamp:4  | Reached skill level 10 in Spellcasting
 31406 | Swamp:4  | Learned a level 1 spell: Apportation
 31416 | Swamp:4  | HP: 28/123 [eight-headed hydra (11)]
 31416 | Swamp:4  | Noticed the 27-headed Lernaean hydra
 31420 | Swamp:4  | HP: 4/123 [the 27-headed Lernaean hydra (10)]
 31420 | Swamp:4  | Slain by the 27-headed Lernaean hydra

Illustrated notes

Levels and vault maps discovered:
D:1:      saegor_arrival_simple_d, layout_basic,
          chequers_ecumenical_altar_grove, corexii_corridor_pit
D:2:      layout_rooms, basic_altar
D:3:      layout_basic, amcnicky_altar_gilded, minmay_misc_feat_roman
D:4:      layout_basic, minmay_temple_entry_mist, uniq_ijyb
D:5:      layout_basic, hangedman_decor_points
D:6:      layout_loops_ring, mainiacjoe_overflow_boulevard
D:7:      minmay_chambers_of_fours, layout_loops_ring,
          mainiacjoe_overflow_concentric_impassable,
          nicolae_hepliaklqana_monster_ancestors, nzn_wu_jian_council_hall,
          kennysheep_mini, serial_shops, nicolae_shop_hallway_stairs,
          uniq_duvessa, uniq_menkaure, uniq_crazy_yiuf_cottage, uniq_pikel
D:8:      layout_cave_pools, nicolae_specific_store,
          amcnicky_mini_rare_corridor_liquid, minmay_tree_intersection,
          minmay_nine_imps, uniq_maurice
D:9:      layout_loops_ring, lair_entry_dummy, minmay_strange_pillars,
          uniq_maggie
D:10:     layout_gridville, nzn_makhleb_speed_demon,
          lemuel_coloured_pillars_altar, serial_park_tiny_pond,
          kennysheep_generic_room_6, uniq_harold
D:11:     layout_roguey, erik_orc_1, minmay_alternating_orb
D:12:     layout_cave_pods, serial_shops, shop, minmay_gold_behind_fungi
D:13:     layout_basic, erik_vaults_2, portal_ice_cave_entry_ice_simulacra,
          grunt_gozag_statues, uniq_urug
D:14:     layout_irregular_city, grunt_decor_one_mirror, uniq_louise
D:15:     grunt_enter_depths_snipers, layout_basic, serial_shops,
          nicolae_shop_overgrown_old_shop, minmay_misc_feat_alley
Lair:1:   layout_roguey, infiniplex_staircase_pool, serial_bayou_shore_b,
          grunt_megastairs_2
Lair:2:   layout_roguey, nicolae_spider_entry_lesser_pyramids,
          gammafunk_ghost_arena, lemuel_fruit_tree, lemuel_fruit_fields,
          serial_bayou_shore_a, lemuel_fruit_fields
Lair:3:   layout_chaotic_city, minmay_swamp_entry_worms
Lair:4:   cheibrodos_lair_river_kwai, layout_cellular_growth, wad_woods_river_03
Lair:5:   cheibrodos_lair_end_hotspot, layout_gridlike,
          dpeg_slime_entry_enclosed
Swamp:1:  nicolae_swamp_tree_isthmus, layout_basic_swamp,
          evilmike_swamp_ruin_house_3, swamp_pool5
Swamp:2:  layout_basic_swamp, evilmike_swamp_ruin_rubble_1, swamp_pool5,
          uniq_donald
Swamp:3:  layout_falls_marsh, serial_swamp_ruin, evilmike_swamp_ruin_wall,
          evilmike_swamp_ruin_house_6, evilmike_swamp_ruin_house_1,
          infiniplex_staircase_pool_2, uniq_aizul
Swamp:4:  swamp_old_school, layout_basic_swamp, uniq_kirke
Orc:1:    layout_caves, nicolae_shop_vocational
Orc:2:    st_orc_congregation, layout_caves, serial_shops,
          nicolae_lakefront_shop, roderic_batcave, nicolae_orc_bridge_out,
          mines2_david, uniq_snorg, uniq_josephine

Skill      XL: |  1  2  3  4  5  6  7  8  9 10 11 12 13 14 15 16 17 |
---------------+----------------------------------------------------+-----
Polearms       | 4 5 |  5.3
Short Blades   | 1 3 5 7 9 10 | 10.0
Stealth        | 6 9 10 | 10.0
Poison Magic   | 2 5 7 9 10 | 10.0
Conjurations   | 2 4 6 7 8 10 | 10.0
Air Magic      | 2 4 6 |  6.0
Spellcasting   | 1 2 4 9 10 | 10.0
Shields        | 4 5 8 10 12 | 12.0
Earth Magic    | 3 7 9 11 13 | 13.5
Transmutations | 5 11 13 | 13.6
Fighting       | |  2.0
Throwing       | |  2.0
Dodging        | |  3.0

Action                   |  1- 3 |  4- 6 |  7- 9 | 10-12 | 13-15 | 16-18 || total
-------------------------+-------+-------+-------+-------+-------+-------++-------
Melee: Trident           |    97 |    37 |       |       |       |       ||   134
       Constrict         |    13 |    14 |    32 |    64 |   147 |    44 ||   314
       Tentacles         |     9 |    15 |    46 |   147 |   407 |   106 ||   730
       Short sword       |       |    34 |   205 |   648 |  1329 |   477 ||  2693
       Punch             |       |       |     6 |     9 |    22 |     9 ||    46
Throw: Javelin           |     1 |       |       |       |       |       ||     1
       Dart              |       |       |       |       |     8 |       ||     8
 Cast: Mephitic Cloud    |       |       |       |       |   111 |    65 ||   176
       Statue Form       |       |       |       |       |     4 |    47 ||    51
       Iron Shot         |       |       |       |       |       |    28 ||    28
Invok: Potion Petition   |       |       |       |     3 |     1 |     1 ||     5
       Call Merchant     |       |       |       |     1 |     1 |       ||     2
Evoke: Wand              |       |       |       |     3 |    35 |     1 ||    39
       Condenser vane    |       |       |       |     1 |       |       ||     1
  Use: Scroll            |     1 |     3 |    13 |    13 |     8 |     3 ||    41
       Potion            |       |       |     1 |     8 |     5 |     2 ||    16
 Stab: Sleeping          |    12 |    12 |     7 |    13 |    25 |    10 ||    79
       Distracted        |       |       |     5 |     3 |     7 |     1 ||    16
       Confused          |       |       |       |       |    58 |    22 ||    80
Armor: Skin              |    12 |     9 |    39 |   207 |   170 |   463 ||   900
Dodge: Dodged            |    48 |    23 |    75 |   322 |   683 |   420 ||  1571
Block: Buckler           |     1 |     4 |    22 |    44 |   131 |       ||   202
       Kite shield       |       |       |       |   167 |   276 |   342 ||   785

Table legend: (Time is in decaauts)
 A = Elapsed time spent in this place.
 B = Non-inter-level travel time spent in this place.
 C = Inter-level travel time spent in this place.
 D = Time resting spent in this place.
 E = Time spent auto-exploring this place.
 F = Levels seen in this place.
 G = Mean time per level.
                   A        B        C        D        E       F      G
               +--------+--------+--------+--------+--------+-----+--------+
         Total |  32444 |  28366 |   4078 |   2865 |  17279 |  27 | 1201.6 |
       Dungeon |  15872 |  13382 |   2490 |    934 |   9189 |  15 | 1058.1 |
          Lair |   8307 |   7083 |   1224 |    818 |   4212 |   5 | 1661.4 |
         Swamp |   4775 |   4483 |    292 |    531 |   2234 |   4 | 1193.8 |
  Orcish Mines |   2542 |   2471 |     71 |    403 |   1206 |   2 | 1271.0 |
      Ice Cave |    945 |    945 |      0 |    179 |    437 |   1 |  945.0 |
               +--------+--------+--------+--------+--------+-----+--------+

Top non-repeatable levels by time:
  Lair:4: 2148 daAuts
   Orc:2: 2092 daAuts
  Lair:5: 1851 daAuts
 Swamp:3: 1567 daAuts
  Lair:1: 1560 daAuts
  Lair:3: 1468 daAuts
    D:11: 1414 daAuts
 Swamp:1: 1400 daAuts
     D:7: 1373 daAuts
    D:13: 1341 daAuts
    D:12: 1296 daAuts
  Lair:2: 1278 daAuts
    D:10: 1276 daAuts
     D:9: 1185 daAuts
     D:6: 1132 daAuts

Table legend:
 A = Kills in this place as a percentage of kills in entire the game.
 B = Kills by you in this place as a percentage of kills by you in the entire game.
 C = Kills by friends in this place as a percentage of kills by friends in the entire game.
 D = Other kills in this place as a percentage of other kills in the entire game.
 E = Experience gained in this place as a percentage of experience gained in the entire game.
 F = Experience gained in this place divided by the number of levels of this place that you have seen.
                   A       B       C       D       E      F
               +-------+-------+-------+-------+-------+----------------------
         Total | 100.0 | 100.0 |   N/A | 100.0 | 100.0 | 7482.1
       Dungeon |  43.4 |  44.6 |   N/A |  15.2 |  28.3 | 3813.2
          Lair |  22.1 |  22.3 |   N/A |  18.2 |  27.2 | 10999.0
         Swamp |  13.0 |  12.9 |   N/A |  15.2 |  28.2 | 14222.8
  Orcish Mines |  15.3 |  14.7 |   N/A |  30.3 |   8.9 | 8971.0
      Ice Cave |   6.1 |   5.5 |   N/A |  21.2 |   7.4 | 14992.0
               +-------+-------+-------+-------+-------+----------------------
